 Dungeon Crawl Stone Soup version 0.26.1-11-gd32895ea62 (webtiles) character file.

Game seed: 16958040495854900485

267 CaptDreibein the Shield-Bearer (level 6, 0/48 HPs)
             Began as a Demonspawn Fighter on June 7, 2021.
             Slain by Grinder (2 damage)
             ... while paralysed by Grinder
             ... on level 3 of the Dungeon.
             The game lasted 00:04:26 (2274 turns).

CaptDreibein the Shield-Bearer (Demonspawn Fighter) Turns: 2274, Time: 00:04:26

Health: 0/48       AC:  6    Str: 18    XL:     6   Next: 0%
Magic:  6/6        EV:  2    Int: 10    God:
Gold:   140        SH:  0    Dex: 14    Spells: 5/5 levels left

rFire    . . .     SeeInvis .   p - +2 scythe (protect)
rCold    . . .     Faith    .   (shield currently unavailable)
rNeg     . . .     Spirit   .   b - +0 scale mail
rPois    .         Reflect  .   (helmet restricted)
rElec    .         Harm     .   (no cloak)
rCorr    .         Rampage  .   (no gloves)
Will     .....                  (no boots)
Stlth    +.........             (no amulet)
HPRegen  0.16/turn              (no ring)
MPRegen  0.10/turn              (no ring)

@: paralysed
A: horns 1, thin skeletal structure 1, miasma immunity
a: no special abilities


You were on level 3 of the Dungeon.
You visited 1 branch of the dungeon, and saw 3 of its levels.

You collected 140 gold pieces.

Inventory:

Hand Weapons
 a - a +0 war axe
 p - a +2 scythe of protection (weapon)
Missiles
 r - 2 poisoned darts (quivered)
Armour
 b - a +0 scale mail (worn)
 c - a +0 kite shield
Wands
 n - a wand of acid (7)
Scrolls
 e - a scroll of amnesia {unknown}
 f - 5 scrolls of identify {unknown}
 g - a scroll of immolation {unknown}
 i - a scroll of magic mapping {unknown}
 m - a scroll of remove curse {unknown}
 o - 2 scrolls of teleportation {unknown}
 t - 3 scrolls of enchant weapon {unknown}
 u - a scroll of fog {unknown}
 v - a scroll of random uselessness {unknown}
Potions
 d - a potion of might
 h - a potion of attraction {unknown}
 j - 3 potions of brilliance {unknown}
 k - a potion of invisibility {unknown}
 l - 2 potions of flight {unknown}
 q - a potion of heal wounds {unknown}
 s - a potion of experience {unknown}
 w - 2 potions of curing {unknown}


   Skills:
 + Level 3.7 Fighting
 + Level 3.7 Axes
 + Level 0.2(2.2) Polearms
 + Level 3.3 Armour
 + Level 1.2 Dodging
 + Level 0.3 Stealth
 + Level 3.8 Shields


You had 5 spell levels left.
You didn't know any spells.
Your spell library contained the following spells:

 Spells                   Type           Power        Failure   Level
 Animate Skeleton         Necr           0%           75%         1
 Apportation              Tloc           0%           75%         1
 Corona                   Hex            0%           75%         1
 Magic Dart               Conj           0%           75%         1
 Summon Small Mammal      Summ           0%           75%         1
 Blink                    Tloc           N/A          87%         2
 Call Imp                 Summ           0%           87%         2
 Slow                     Hex            0%           87%         2
 Conjure Flame            Conj/Fire      0%           98%         3
 Mephitic Cloud           Conj/Pois/Air  0%           98%         3


Dungeon Overview and Level Annotations

Branches:
Dungeon (3/15)

Altars:
Fedhas

Annotations:
D:3 Grinder


Innate Abilities, Weirdness & Mutations

You have a pair of small horns on your head.
You have a somewhat thin skeletal structure. (Dex +2, Stealth)
You are immune to miasma.


Message History

Grinder is lightly wounded.
Grinder hits you but does no damage. Grinder barely misses you.
You barely miss Grinder. You headbutt Grinder.
Grinder is moderately wounded.
Grinder hits you.
* * * LOW HITPOINT WARNING * * *
Grinder says, "Don't move a muscle."
Grinder gestures at you. Pain shoots through your body!
* * * LOW HITPOINT WARNING * * *
You hit Grinder.
Your weapon exudes an aura of protection.
Your headbutt misses Grinder.
Grinder is moderately wounded.
Grinder gestures at you.
You suddenly lose the ability to move!
Grinder hits you!
* * * LOW HITPOINT WARNING * * *
Grinder hits you but does no damage. Grinder hits you.
You die...

###### #....# #....#
###....# ......#
########### ##.5.[#
.........##..##.@..#
...(.....##..#.....#
.........##........#
.............##.#### .
..........##.#..####...
.......................
......)......[...###....
................#.[.....
..................##....


You could see Grinder.

Vanquished Creatures
  Sigmund (D:2)
  Terence (D:2)
  3 adders (D:2)
  3 worms
  A dart slug (D:2)
  2 leopard geckos
  4 orcs (D:3)
  A giant cockroach (D:3)
  3 goblins
  4 hobgoblins
  10 jackals (D:1)
  2 quokkas (D:3)
  A ball python (D:3)
  6 bats
  3 frilled lizards (D:2)
  8 kobolds
  4 rats
57 creatures vanquished.

Notes
Turn   | Place    | Note
-------+----------+-------------------------------------------
     0 | D:1      | CaptDreibein the Demonspawn Fighter began the quest for the
                  | Orb.
     0 | D:1      | Reached XP level 1. HP: 18/18 MP: 1/1
   167 | D:1      | Gained mutation: You have a somewhat thin skeletal
                  | structure. (Dex +2, Stealth) [demonic ancestry]
   167 | D:1      | Reached XP level 2. HP: 15/24 MP: 2/2
   804 | D:1      | You fall into a shaft and drop 1 floor!
   823 | D:2      | Reached XP level 3. HP: 16/29 MP: 3/3
  1140 | D:2      | Noticed Terence
  1155 | D:2      | Killed Terence
  1156 | D:2      | Gained mutation: You have a pair of small horns on your
                  | head. [demonic ancestry]
  1156 | D:2      | Reached XP level 4. HP: 25/35 MP: 4/4
  1578 | D:2      | Noticed Sigmund
  1596 | D:2      | Killed Sigmund
  1597 | D:2      | Reached skill level 1 in Dodging
  1597 | D:2      | Reached XP level 5. HP: 13/42 MP: 5/5
  1986 | D:2      | Found a blossoming altar of Fedhas.
  2229 | D:3      | Gained mutation: You are immune to miasma. [demonic
                  | ancestry]
  2229 | D:3      | Reached XP level 6. HP: 48/48 MP: 6/6
  2260 | D:3      | Noticed Grinder
  2272 | D:3      | Paralysed by Grinder for 3 turns
  2272 | D:3      | HP: 1/48 [Grinder (7)]
  2274 | D:3      | Slain by Grinder

Illustrated notes

Levels and vault maps discovered:
D:1:      dpeg_arrival_renting, layout_basic, kennysheep_doodads
D:2:      layout_basic, general_overflow_altar, uniq_terence, uniq_sigmund
D:3:      layout_rooms, uniq_grinder

Skill      XL: |  1  2  3  4 |
---------------+-------------+-----
Axes           | 2 3 |  3.7
Shields        | 3 |  3.8
Armour         | 3 |  3.3
Dodging        | 1 |  1.2
Fighting       | |  3.7
Polearms       | |  0.2
Stealth        | |  0.3

Action                   |  1- 3 |  4- 6 || total
-------------------------+-------+-------++-------
Melee: War axe           |   126 |    47 ||   173
       Headbutt          |       |    15 ||    15
       Scythe            |       |    49 ||    49
Armor: Scale mail        |   106 |    65 ||   171
Dodge: Dodged            |    54 |    53 ||   107
Block: Kite shield       |    83 |    18 ||   101
